 Dungeon Crawl Stone Soup version 0.25-a0-458-g6fc7858b95 (webtiles) character file.

Game seed: 3928289979283576593, levelgen mode: deterministic

13567 Error4North the Cleaver (level 12, -4/103 HPs)
             Began as a Hill Orc Fighter on Feb 1, 2020.
             Was a High Priest of Okawaru.
             Succumbed to Sonja's poison
             ... on level 12 of the Dungeon.
             The game lasted 00:57:09 (13902 turns).

Error4North the Cleaver (Hill Orc Fighter)         Turns: 13902, Time: 00:57:09

Health: -4/103     AC: 21    Str: 24    XL:     12   Next: 7%
Magic:  15/19      EV: 10    Int: 12    God:    Okawaru [*****.]
Gold:   770        SH: 13    Dex: 10    Spells: 21/21 levels left

rFire    . . .     SeeInvis +   a - +0 war axe
rCold    . . .     Gourm    .   c - +0 shield
rNeg     . . .     Faith    .   H - +0 plate armour
rPois    .         Spirit   .   (no helmet)
rElec    +         Reflect  .   o - +2 cloak
rCorr    .         Harm     .   t - +0 pair of gloves
MR       +....                  (no boots)
Stlth    ..........             (no amulet)
HPRegen  0.27/turn              B - ring of Odgheass {+Inv rElec Int+4 SInv}
MPRegen  0.16/turn              w - ring of protection from magic

@: lethally poisoned (-4 -> -53), heroism, finesse, flying, slowed, very slow
A: no striking features
a: Heroism, Finesse, Renounce Religion, Evoke Invisibility


You were on level 12 of the Dungeon.
You worshipped Okawaru.
Okawaru was extremely pleased with you.
You were not hungry.

You visited 2 branches of the dungeon, and saw 13 of its levels.
You also visited: Sewer.

You collected 770 gold pieces.

Inventory:

Hand Weapons
 a - a +0 war axe (weapon)
 G - the +4 flail "Zum Ziurch" {elec, rF+ rC+ MP-9 Int+3}
   (You found it on level 10 of the Dungeon)

   Occasionally, upon striking a foe, it will discharge some electrical energy
   and cause terrible harm.
   It affects your intelligence (+3).
   It protects you from fire.
   It protects you from cold.
   It affects your magic capacity (-9).
Missiles
 u - 28 boomerangs (quivered)
Armour
 c - a +0 shield (worn)
 o - a +2 cloak (worn)
 t - a +0 pair of gloves (worn)
 H - a +0 plate armour (worn)
Jewellery
 g - an uncursed ring of flight
 w - a ring of protection from magic (right hand)
 B - the ring of Odgheass (left hand) {+Inv rElec Int+4 SInv}
   (You found it on level 5 of the Dungeon)

   [ring of see invisible]

   It affects your intelligence (+4).
   It insulates you from electricity.
   It lets you see invisible.
   It lets you turn invisible.
 N - an uncursed ring of wizardry {unknown}
Wands
 n - a wand of iceblast (9)
 r - a wand of polymorph (11)
 D - a wand of acid (12)
Scrolls
 b - 2 scrolls of enchant armour {unknown}
 e - 3 scrolls of amnesia
 h - 3 scrolls of noise {unknown}
 j - 6 scrolls of identify
 l - a scroll of immolation {unknown}
 p - 4 scrolls of enchant weapon {unknown}
 q - 7 scrolls of teleportation {unknown}
 s - 5 scrolls of remove curse {unknown}
 v - 4 scrolls of blinking {unknown}
 x - 9 scrolls of fear {unknown}
 y - a scroll of random uselessness {unknown}
 E - a scroll of fog {unknown}
 F - a scroll of holy word {unknown}
Potions
 d - 2 potions of brilliance
 i - 4 potions of magic
 k - a potion of might
 z - 2 potions of flight
 A - 2 potions of resistance
 C - a potion of ambrosia {unknown}
 I - a potion of cancellation {unknown}
 J - a potion of lignification
 K - a potion of mutation {unknown}
 L - a potion of agility {unknown}
Comestibles
 f - 14 rations


   Skills:
 * Level 8.8(13.8) Fighting
 + Level 11.6(16.7) Axes
 + Level 2.2(11.7) Maces & Flails
 + Level 1.0(6.0) Throwing
 * Level 8.4(13.4) Armour
 + Level 1.4(6.4) Dodging
 + Level 0.8(5.8) Stealth
 * Level 9.1(14.1) Shields
 * Level 5.2 Spellcasting
 * Level 8.0 Invocations
 * Level 5.9 Evocations


You had 21 spell levels left.
You didn't know any spells.
Your spell library contained the following spells:

 Spells                   Type           Power        Failure   Level  Hunger
 Beastly Appendage        Tmut           #.....       89%         1    None
 Foxfire                  Conj/Fire      #...         89%         1    None
 Sticks to Snakes         Tmut           #.......     96%         2    ##.....
 Conjure Flame            Conj/Fire      #.......     99%         3    ###....
 Inner Flame              Hex/Fire       #.......     99%         3    ###....
 Spider Form              Tmut/Pois      #.........   99%         3    ###....
 Ice Form                 Ice/Tmut       #.......     100%        4    ####...
 Sticky Flame             Conj/Fire      #.......     100%        4    ####...
 Blade Hands              Tmut           #.........   100%        5    ######.
 Fireball                 Conj/Fire      #.........   100%        5    ######.


Dungeon Overview and Level Annotations

Branches:
Dungeon (12/15)            Temple (1/1) D:4            Lair (0/6) D:11
    Orc (0/2) D:12          Sewer (visited)

Altars:
Ashenzari
Cheibriados
Dithmenos
Elyvilon
Fedhas
Gozag
Hepliaklqana
Kikubaaqudgha
Makhleb
Nemelex Xobeh
Okawaru
Qazlal
Ru
Sif Muna
Trog
Uskayaw
Vehumet
Wu Jian
Xom
Yredelemnul
Zin
The Shining One

Annotations:
D:4 1 runed translucent door, LostGamesStreakFreak's ghost, amateur DsMo
D:11 exclusions: oklob plant and orange crystal statue


Message History

Sonja barely misses you. You block Sonja's attack. x2
You slice Sonja!!
Sonja is almost dead.
* * * LOW HITPOINT WARNING * * *
You feel very sick. You block Sonja's attack. Sonja closely misses you. x2
You slash Sonja!
You kill Sonja!
Okawaru accepts your kill.
Your Invocations skill increases to level 8!
* * * LOW HITPOINT WARNING * * *
You feel very sick.
* * * LOW HITPOINT WARNING * * *
You feel extremely sick.
Things that are here:
a +0 dagger of venom; the kobold corpse of Sonja It was a potion of flight.
You feel very buoyant.
You fly up into the air.
You die...

.# ..# ##(##
..# .. ##(.#
... #####
#..##
.....##.(##
........(.##
)......(...#
...........##
####........#
##..@....#
#.......##
#........#
.....#######
...## ###


There were no monsters in sight!

Vanquished Creatures
  A two-headed ogre (D:8)
  Sonja (D:12)
  Pikel (D:7)
  An ugly thing (D:10)
  A cyclops (D:11)
  A gargoyle (D:12)
  4 slime creatures (D:12)
  2 hornets (D:10)
  A hippogriff (D:12)
  A wyvern (D:11)
  12 yaks
  Grum (D:8)
  Menkaure (D:5)
  2 soldier ants (D:10)
  An acid dragon (D:12)
  3 sky beasts
  6 ice beasts
  4 orc warriors
  2 phantoms (D:5)
  A black bear (D:6)
  An ogre (D:7)
  2 wolves (D:8)
  14 centaurs
  9 bullfrogs
  A gnoll sergeant (D:6)
  3 scorpions
  2 water moccasin skeletons (D:7)
  11 killer bees
  19 wights
  3 howler monkeys
  5 crimson imps
  5 jellies
  2 centaur zombies
  6 hounds
  2 centaur skeletons
  3 iron imps (D:3)
  9 orc priests
  7 orc wizards
  An iguana (D:9)
  9 worker ants
  A killer bee zombie (D:5)
  A hound zombie (D:8)
  A howler monkey zombie (D:5)
  2 worker ant zombies
  6 gnolls
  A howler monkey skeleton (D:6)
  A river rat (D:3)
  17 adders
  2 shadow imps
  2 oozes
  An adder zombie (D:6)
  3 dart slugs
  2 leopard geckos
  44 orcs
  5 ball pythons
  3 giant cockroaches
  2 goblins
  8 hobgoblins
  7 jackals
  4 quokkas
  4 bats
  7 frilled lizards
  A jackal skeleton (D:7)
  19 kobolds
  A leopard gecko skeleton (D:3)
  2 rats (D:3)
  9 plants (Sewer)
317 creatures vanquished.

Vanquished Creatures (others)
  An iguana (D:7)
1 creature vanquished.

Grand Total: 318 creatures vanquished

Notes
Turn   | Place    | Note
-------+----------+-------------------------------------------
     0 | D:1      | Error4North the Hill Orc Fighter began the quest for the
                  | Orb.
     0 | D:1      | Reached XP level 1. HP: 19/19 MP: 1/1
   340 | D:1      | Reached XP level 2. HP: 27/27 MP: 2/2
   865 | D:2      | Reached XP level 3. HP: 33/33 MP: 3/3
  1047 | D:2      | Reached skill level 3 in Axes
  1330 | D:2      | Reached skill level 1 in Spellcasting
  1342 | D:2      | Found an iron altar of Okawaru.
  1360 | D:2      | Became a worshipper of Warmaster Okawaru
  1760 | D:3      | Found a glowing drain.
  1782 | D:3      | Reached XP level 4. HP: 5/40 MP: 5/5
  1786 | Sewer    | Entered a sewer
  2532 | Sewer    | Reached XP level 5. HP: 46/46 MP: 6/6
  3497 | D:3      | Noticed a centaur
  3515 | D:3      | Killed a centaur
  3515 | D:3      | Reached skill level 1 in Invocations
  3711 | D:3      | Found a snail-covered altar of Cheibriados.
  3723 | D:3      | Found a burning altar of Makhleb.
  3736 | D:3      | Reached skill level 4 in Axes
  3736 | D:3      | Reached XP level 6. HP: 51/52 MP: 6/8
  3752 | D:3      | Reached * piety under Okawaru
  3752 | D:3      | Reached skill level 1 in Evocations
  4343 | D:4      | Found a staircase to the Ecumenical Temple.
  4359 | Temple   | Entered the Ecumenical Temple
  4688 | D:4      | Reached XP level 7. HP: 41/60 MP: 9/9
  5078 | D:4      | Found a runed translucent door.
  5078 | D:4      | Noticed LostGamesStreakFreak's ghost (amateur DsMo)
  5241 | D:5      | Entered Level 5 of the Dungeon
  5245 | D:5      | Reached skill level 5 in Shields
  5317 | D:5      | Found a shattered altar of Ashenzari.
  5354 | D:5      | Reached skill level 5 in Axes
  5477 | D:5      | Reached ** piety under Okawaru
  5539 | D:5      | Reached skill level 5 in Fighting
  5539 | D:5      | Reached skill level 5 in Armour
  5580 | D:5      | Reached XP level 8. HP: 63/68 MP: 11/11
  5617 | D:5      | Got a shimmering copper ring
  5834 | D:5      | Reached skill level 6 in Axes
  5858 | D:5      | Noticed Menkaure
  5865 | D:5      | Killed Menkaure
  6032 | D:5      | Found a burning altar of Makhleb.
  6150 | D:5      | Reached skill level 1 in Dodging
  6389 | D:5      | Reached *** piety under Okawaru
  6503 | D:6      | Reached XP level 9. HP: 59/74 MP: 13/13
  6547 | D:5      | Reached skill level 7 in Axes
  7327 | D:7      | Reached **** piety under Okawaru
  7361 | D:7      | Identified the ring of Odgheass {+Inv rElec Int+4 SInv}
                  | (You found it on level 5 of the Dungeon)
  7407 | D:7      | Found a shadowy altar of Dithmenos.
  7472 | D:7      | Noticed Pikel
  7496 | D:7      | Killed Pikel
  7496 | D:7      | Reached skill level 8 in Axes
  7496 | D:7      | Reached skill level 5 in Invocations
  7502 | D:7      | Found a basalt altar of Yredelemnul.
  7560 | D:7      | Reached skill level 1 in Maces & Flails
  8213 | D:7      | Reached XP level 10. HP: 84/84 MP: 15/15
  8710 | D:8      | Noticed a two-headed ogre
  8721 | D:8      | Killed a two-headed ogre
  8741 | D:8      | Reached skill level 9 in Axes
  8747 | D:8      | Noticed Grum
  8757 | D:8      | Killed Grum
  8757 | D:8      | Reached ***** piety under Okawaru
  8991 | D:8      | Found a radiant altar of Vehumet.
  9199 | D:8      | Found an iron altar of Okawaru.
  9200 | D:8      | You fall into a shaft and drop 2 floors!
  9200 | D:10     | Entered Level 10 of the Dungeon
  9622 | D:9      | Found a shimmering altar of Xom.
  9672 | D:9      | Received a gift from Okawaru
 10835 | D:10     | Reached skill level 5 in Evocations
 10835 | D:10     | Reached XP level 11. HP: 80/92 MP: 17/17
 11381 | D:10     | Got a slimy flail
 11384 | D:10     | Identified the +4 flail "Zum Ziurch" {elec, rF+ rC+ MP-9
                  | Int+3} (You found it on level 10 of the Dungeon)
 11522 | D:11     | Noticed a white ugly thing
 11531 | D:10     | Killed a white ugly thing
 11536 | D:10     | Reached skill level 10 in Axes
 11609 | D:11     | Received a gift from Okawaru
 11614 | D:11     | Got a jewelled scale mail {god gift}
 11621 | D:11     | Identified the +5 scale mail "Imaib" {rF+ rC++ Str-2
                  | Stlth+} (Okawaru gifted it to you on level 11 of the
                  | Dungeon)
 12312 | D:11     | Noticed an oklob plant
 12315 | D:11     | Found a staircase to the Lair.
 12372 | D:11     | Noticed an orange crystal statue
 12508 | D:11     | Noticed a cyclops
 12521 | D:11     | Killed a cyclops
 12658 | D:12     | Reached skill level 11 in Axes
 13051 | D:11     | Reached skill level 5 in Spellcasting
 13294 | D:12     | Reached XP level 12. HP: 70/103 MP: 13/19
 13389 | D:12     | Found a staircase to the Orcish Mines.
 13585 | D:12     | Reached skill level 1 in Throwing
 13877 | D:12     | Noticed Sonja
 13900 | D:12     | Killed Sonja
 13901 | D:12     | HP: 2/103 [poisoned by Sonja]
 13902 | D:12     | Succumbed to Sonja's poison

Levels and vault maps discovered:
D:1:      minmay_arrival_cross, layout_basic, minmay_tree_intersection,
          chequers_serial_rivers_micro_d, roderic_lattice_a
D:2:      layout_loops_ring, okawaru_gym_becter
D:3:      layout_basic, demons_altar, lemuel_crystal_altar,
          cheibrodos_sewer_entry_sluice, first_ration
D:4:      layout_loops_corners, minmay_temple_entry_grid, gammafunk_ghost_grave,
          chequers_serial_rivers_micro_d
D:5:      layout_basic, cheibrodos_ashenzari_chains, makhleb_heckhound_becter,
          uniq_menkaure
D:6:      layout_rooms
D:7:      layout_cave_pods, lemuel_doored_altar, yredelemnul_altar_generic,
          uniq_pikel
D:8:      layout_cave_pools, kennysheep_little_box,
          nicolae_overflow_hidden_temple, uniq_grum
D:9:      layout_loops_ring, lemuel_round_altar
D:10:     layout_gridville, hangedman_abyss_or_decor_stagger,
          minmay_misc_feat_roman, minivault_25_ag, hangedman_pestilent_swarm
D:11:     layout_roguey, dpeg_oklobed_lair, minivault_16
D:12:     layout_layer_cave, orc_0_dummy, uniq_sonja
Temple:   jpeg_temple_clearing

Skill      XL: |  1  2  3  4  5  6  7  8  9 10 11 12 |
---------------+-------------------------------------+-----
Fighting       | 4 5 6 7 8 |  8.8
Axes           | 3 4 5 6 8 9 11 | 11.6
Spellcasting   | 1 2 3 4 5 |  5.2
Armour         | 4 5 6 7 8 |  8.4
Shields        | 4 5 6 7 8 9 |  9.1
Invocations    | 1 2 4 5 6 7 8 |  8.0
Evocations     | 1 2 3 5 |  5.9
Dodging        | 1 |  1.4
Maces & Flails | 2 |  2.2
Throwing       | 1 |  1.0
Stealth        | |  0.8

Action                   |  1- 3 |  4- 6 |  7- 9 | 10-12 || total
-------------------------+-------+-------+-------+-------++-------
Melee: War axe           |   137 |   354 |   413 |   649 ||  1553
       Unarmed           |    15 |       |       |       ||    15
       Flail             |       |       |    30 |       ||    30
Throw: Boomerang         |       |       |       |    46 ||    46
Invok: Heroism           |       |       |       |    10 ||    10
       Finesse           |       |       |       |     4 ||     4
 Abil: Evoke Flight      |       |     2 |       |       ||     2
       Stop Flying       |       |     1 |       |       ||     1
       Evoke Invisibilit |       |       |     1 |     1 ||     2
Evoke: Wand              |       |       |       |     2 ||     2
  Use: Scroll            |     1 |     1 |     2 |     4 ||     8
       Potion            |       |     7 |     1 |     8 ||    16
 Stab: Invisible         |       |       |     3 |     3 ||     6
       Distracted        |       |       |       |     1 ||     1
  Eat: Chunk             |     2 |     2 |     8 |     9 ||    21
       Ration            |       |     3 |     1 |     4 ||     8
Armor: Scale mail        |    48 |       |       |       ||    48
       Chain mail        |    18 |   120 |   215 |       ||   353
       Plate armour      |       |       |    42 |   370 ||   412
Dodge: Dodged            |    42 |    46 |   109 |   161 ||   358
Block: Shield            |    93 |   108 |   288 |   423 ||   912

Table legend:
 A = Non-vault XP
 B = Vault XP
 C = Vault XP percentage of total XP
 D = Non-vault monster count
 E = Vault monster count
 F = Vault count percentage of total count
                 A         B        C        D         E       F
            +---------+---------+-------+---------+---------+-------
      Total |   16103 |    3279 |  16.9 |     270 |      38 |  12.3
            +---------+---------+-------+---------+---------+-------
        D:1 |      18 |       0 |   0.0 |      12 |       0 |   0.0
        D:2 |      57 |       0 |   0.0 |      22 |       0 |   0.0
        D:3 |     185 |     138 |  42.7 |      20 |       5 |  20.0
        D:4 |     206 |       0 |   0.0 |      11 |       0 |   0.0
        D:5 |    1377 |     218 |  13.7 |      27 |       2 |   6.9
        D:6 |     993 |       0 |   0.0 |      19 |       0 |   0.0
        D:7 |     811 |     629 |  43.7 |      19 |       1 |   5.0
        D:8 |    1589 |     414 |  20.7 |      25 |       3 |  10.7
        D:9 |    1575 |       0 |   0.0 |      33 |       0 |   0.0
       D:10 |    2322 |     991 |  29.9 |      26 |       7 |  21.2
       D:11 |    3963 |       0 |   0.0 |      40 |       0 |   0.0
       D:12 |    3007 |     814 |  21.3 |      16 |       1 |   5.9
      Sewer |       0 |      75 | 100.0 |       0 |      19 | 100.0
            +---------+---------+-------+---------+---------+-------
